 Dungeon Crawl Stone Soup version 0.31-a0-182-gc5ef74bbde (webtiles) character file.

Game seed: 15986300601582053496

72 Moral the Grave Robber (level 4, -2/30 HPs)
             Began as a Demonspawn Necromancer on June 21, 2023.
             Slain by AwFulAwFulPlayer's ghost (8 damage)
             ... on level 3 of the Dungeon.
             The game lasted 00:04:50 (2566 turns).

Moral the Grave Robber (Demonspawn Necromancer)     Turns: 2566, Time: 00:04:51

Health: -2/30      AC:  2    Str:  8    XL:     4   Next: 7%
Magic:  16/16      EV: 14    Int: 18    God:
Gold:   93         SH:  0    Dex: 14    Spells: 7/8 levels left

rFire   . . .        i - +2 dagger (flame)
rCold   . . .        (no shield)
rNeg    . . .        a - +0 robe
rPois   .            (helmet restricted)
rElec   .            (no cloak)
rCorr   .            (no gloves)
SInv    .            (no boots)
Will    +....        (no amulet)
Stlth   ++           l - ring of magical power
HPRegen 0.25/turn    h - ring of willpower
MPRegen 0.15/turn

%: no passive effects
@: no status effects
A: antennae 1, repulsion field 1, powered by death 1
a: no special abilities


You were on level 3 of the Dungeon.
You visited 1 branch of the dungeon, and saw 3 of its levels.

You collected 93 gold pieces.

Inventory:

Hand Weapons
 i - a +2 dagger of flaming (weapon)
Armour
 a - a +0 robe (worn)
Jewellery
 f - a +6 ring of strength
 h - a ring of willpower (right hand)
 l - a ring of magical power (left hand)
Scrolls
 j - 2 scrolls of torment
Potions
 b - 4 potions of magic
 c - a potion of enlightenment {unknown}
 d - a potion of ambrosia {unknown}
 e - a potion of brilliance {unknown}
 g - a potion of might {unknown}
 k - a potion of mutation {unknown}
 m - 2 potions of attraction {unknown}


   Skills:
 + Level 2.5 Dodging
 + Level 2.5 Stealth
 + Level 2.6 Spellcasting
 + Level 4.9 Necromancy


You had 7 spell levels left.
You knew the following spells:

 Your Spells              Type           Power      Damage    Failure   Level
a - Necrotise             Necr           80%        1d8       2%          1

Your spell library contained the following spells:

 Spells                   Type           Power      Damage    Failure   Level
 Vampiric Draining        Necr           20%        2d7       7%          3
 Animate Dead             Necr           20%        N/A       22%         4
 Agony                    Necr           20%        N/A       52%         5


Dungeon Overview and Level Annotations

Branches:
Dungeon (3/15)

Altars:

Shops:
D:2 *   D:3 =

Annotations:
D:3 AwFulAwFulPlayer's ghost, weakling DsDe


Innate Abilities, Weirdness & Mutations

You have a pair of small antennae on your head.
You are surrounded by a mild repulsion field. (EV +2)
You regenerate a little health from kills.


Message History

Confirm with . or Enter, or press ? or * to list all spells.
Aiming: Necrotise (safe; 2% risk of failure)
Press: ? - help, Shift-Dir - straight line, f - frilled lizard
Aim: a frilled lizard (chance to affect: 89%)
The frilled lizard writhes in agony.
You kill the frilled lizard!
The dead are walking!
AwFulAwFulPlayer's ghost misses you.
You hit AwFulAwFulPlayer's ghost but do no damage.
AwFulAwFulPlayer's ghost is lightly damaged.
AwFulAwFulPlayer's ghost hits you.
You closely miss AwFulAwFulPlayer's ghost.
AwFulAwFulPlayer's ghost is lightly damaged.
AwFulAwFulPlayer's ghost barely misses you.
You hit AwFulAwFulPlayer's ghost but do no damage.
AwFulAwFulPlayer's ghost is lightly damaged.
AwFulAwFulPlayer's ghost closely misses you.
Your frilled lizard skeleton bites AwFulAwFulPlayer's ghost but does no damage.
You closely miss AwFulAwFulPlayer's ghost.
AwFulAwFulPlayer's ghost is lightly damaged.
AwFulAwFulPlayer's ghost hits you.
* * * LOW HITPOINT WARNING * * *
Your frilled lizard skeleton bites AwFulAwFulPlayer's ghost but does no damage.
You hit AwFulAwFulPlayer's ghost but do no damage.
AwFulAwFulPlayer's ghost is lightly damaged.
For a moment, you lose track of AwFulAwFulPlayer's ghost.
AwFulAwFulPlayer's ghost hits you.
* * * LOW HITPOINT WARNING * * *
Your frilled lizard skeleton bites AwFulAwFulPlayer's ghost but does no damage.
AwFulAwFulPlayer's ghost attacks as you move away!
AwFulAwFulPlayer's ghost misses you.
The river rat twitches its whiskers.
Your frilled lizard skeleton misses AwFulAwFulPlayer's ghost.
The river rat bites your frilled lizard skeleton.
Something bites your frilled lizard skeleton!
Your frilled lizard skeleton is destroyed!
As you read the scroll labelled CASIMYXKAY, it crumbles to dust.
It is a scroll of identify.
j - 2 scrolls of torment AwFulAwFulPlayer's ghost hits you!
You die...

####.###.###########.#
#..#.#........... .
#..#.#.#<########
#..#.#.#.........
#................
#.##.#.#.#######.
#.##.#......#######
#.##.###.##.#~~~~~~
#.##.# #@#..rwr~~|~
#.##†# #.W..#B~~~~~
#.##.# ###############
#.##.# #...# #.##.#
#...# #.##.# #...#
#.##.# #...# #.##.#
#.# #...#### #.##.#
#.# #.......


You could see AwFulAwFulPlayer's ghost and a giant cockroach.

Vanquished Creatures
  Robin (D:2)
  3 adders (D:2)
  An orc (D:3)
  A bat (D:1)
  An endoplasm (D:1)
  2 giant cockroaches (D:2)
  8 goblins
  3 hobgoblins
  2 jackals (D:3)
  3 kobolds
  2 quokkas (D:1)
  2 ball pythons
  A frilled lizard (D:3)
30 creatures vanquished.

Notes
Turn   | Place    | Note
-------+----------+-------------------------------------------
     0 | D:1      | Moral the Demonspawn Necromancer began the quest for the
                  | Orb.
     0 | D:1      | Reached XP level 1. HP: 13/13 MP: 3/3
   585 | D:1      | Gained mutation: You are surrounded by a mild repulsion
                  | field. (EV +2) [demonic ancestry]
   585 | D:1      | Reached XP level 2. HP: 19/19 MP: 3/5
  1052 | D:2      | Noticed Robin
  1060 | D:2      | Gained mutation: You regenerate a little health from kills.
                  | [demonic ancestry]
  1060 | D:2      | Reached XP level 3. HP: 13/24 MP: 0/6
  1078 | D:3      | Found Vialanna's Jewellery Emporium.
  1327 | D:2      | Found Hihad's General Store.
  1483 | D:2      | Killed Robin
  1546 | D:2      | Found a faded altar of an unknown god.
  2126 | D:3      | Gained mutation: You have a pair of small antennae on your
                  | head. [demonic ancestry]
  2126 | D:3      | Reached XP level 4. HP: 21/30 MP: 7/7
  2513 | D:3      | Found a runed translucent door.
  2514 | D:3      | Noticed AwFulAwFulPlayer's ghost (weakling DsDe)
  2566 | D:3      | Slain by AwFulAwFulPlayer's ghost

Illustrated notes

Levels and vault maps discovered:
D:1:      ebering_hopf_link, layout_basic
D:2:      layout_loops_ring, serial_shops, shop, basic_altar,
          ebering_ecumenical_altar_webs, uniq_robin
D:3:      layout_basic, serial_shops, shop, nicolae_shop_stone,
          nicolae_shop_trees, shop, ebering_ghost_sewer_f, minmay_between

Skill      XL: |  1 |
---------------+----+-----
Stealth        | 2 |  2.5
Dodging        | 2 |  2.5
Spellcasting   | |  2.6
Necromancy     | |  4.9

Action                     |  1- 3 |  4- 6 || total
---------------------------+-------+-------++-------
  Melee: Unarmed           |     4 |       ||     4
         Dagger            |     4 |    15 ||    19
   Cast: Necrotise         |    61 |     4 ||    65
    Use: Scroll            |     1 |     1 ||     2
   Stab: Distracted        |     1 |       ||     1
 Armour: Robe              |     5 |     3 ||     8
  Dodge: Dodged            |    26 |    12 ||    38

Table legend: (Time is in decaauts)
 A = Elapsed time spent in this place.
 B = Non-inter-level travel time spent in this place.
 C = Inter-level travel time spent in this place.
 D = Time resting spent in this place.
 E = Time spent auto-exploring this place.
 F = Levels seen in this place.
 G = Mean time per level.
                   A        B        C        D        E       F      G
               +--------+--------+--------+--------+--------+-----+--------+
         Total |   2563 |   2419 |    144 |     54 |   2090 |   3 |  854.3 |
       Dungeon |   2563 |   2419 |    144 |     54 |   2090 |   3 |  854.3 |
               +--------+--------+--------+--------+--------+-----+--------+

Top non-repeatable levels by time:
     D:2: 1113 daAuts
     D:1: 921 daAuts
     D:3: 528 daAuts
